 Dungeon Crawl Stone Soup version 0.29-a0-322-g68df515428 (webtiles) character file.

Game seed: 17660593315775310292

1320 sammy202020 the Skirmisher (level 8, -3/67 HPs)
             Began as a Demonspawn Berserker on Apr 5, 2022.
             Was a Believer of Trog.
             Slain by an unseen horror (6 damage)
             ... on level 7 of the Dungeon.
             The game lasted 00:04:54 (5184 turns).

sammy202020 the Skirmisher (Demonspawn Berserker)   Turns: 5184, Time: 00:04:54

Health: -3/67      AC:  9    Str: 18    XL:     8   Next: 33%
Magic:  8/8        EV: 11    Int: 11    God:    Trog [**....]
Gold:   126        SH:  0    Dex: 12    Spells: 7/7 levels left

rFire   . . .      SeeInvis .   e - +0 war axe
rCold   . . .      Faith    .   (no shield)
rNeg    . . .      Spirit   .   m - +3 leather armour
rPois   .          Reflect  .   (no helmet)
rElec   .          Harm     .   g - +0 cloak
rCorr   .          Rampage  .   (no gloves)
Will    .....                   (no boots)
Stlth   +.........              (no amulet)
HPRegen 0.21/turn               (no ring)
MPRegen 0.11/turn               (no ring)

@: on berserk cooldown, slowed, very slow
A: slimy green scales 1, ignite blood 2
a: Renounce Religion, Berserk, Trog's Hand


You were on level 7 of the Dungeon.
You worshipped Trog.
Trog was pleased with you.
You visited 1 branch of the dungeon, and saw 5 of its levels.

You collected 126 gold pieces.

Inventory:

Hand Weapons
 e - a +0 war axe (weapon)
 u - a +1 vorpal flail
Missiles
 b - 2 atropa-tipped darts
 i - a throwing net
 j - 3 boomerangs (quivered)
 w - 13 poisoned darts
Armour
 g - a +0 cloak (worn)
 m - a +3 leather armour (worn)
Jewellery
 v - an amulet of magic regeneration
Wands
 s - a wand of iceblast (8)
Scrolls
 d - 3 scrolls of fear {unknown}
 h - a scroll of magic mapping {unknown}
 k - 6 scrolls of identify {unknown}
 q - a scroll of holy word {unknown}
 t - a scroll of immolation {unknown}
Potions
 a - a potion of berserk rage {unknown}
 c - a potion of degeneration {unknown}
 f - a potion of lignification {unknown}
 l - a potion of attraction {unknown}
 n - a potion of mutation {unknown}
 o - a potion of might {unknown}
 p - 3 potions of curing {unknown}
 r - a potion of ambrosia {unknown}


   Skills:
 * Level 7.1 Fighting
 * Level 6.5 Axes
 + Level 4.4 Armour
 - Level 1.7 Dodging


You had 7 spell levels left.
You didn't know any spells.
Your spell library was empty.

Dungeon Overview and Level Annotations

Branches:
Dungeon (4/15)
 Temple: D:4-7

Altars:
Cheibriados
Dithmenos
Sif Muna
Trog


Innate Abilities, Weirdness & Mutations

You are partially covered in slimy green scales. (AC +2)
Your demonic aura often causes spilled blood to erupt in flames.


Message History

Something hits you but does no damage. Something hits you.
Found a stone staircase leading down.
Something hits you but does no damage. Something hits you.
* * * LOW HITPOINT WARNING * * *
You hit something. Something hits you but does no damage. Something hits you.
* * * LOW HITPOINT WARNING * * *
Something hits you.
* * * LOW HITPOINT WARNING * * *
Something hits you but does no damage. Something hits you!
* * * LOW HITPOINT WARNING * * *
Something hits you but does no damage.
Your skin crawls.
You feel strong-willed.
A red film seems to cover your vision as you go berserk!
You feel yourself moving faster!
You feel mighty!
You feel a strong urge to attack something.
You feel your anger nearly subside.
You are no longer berserk.
You are exhausted.
You feel yourself slow down. Something hits you.
You feel the effects of Trog's Hand fading.
Something hits you!
* * * LOW HITPOINT WARNING * * *
You miss something.
Your skin stops crawling.
You feel less strong-willed. Something hits you.
* * * LOW HITPOINT WARNING * * *
Something hits you.
* * * LOW HITPOINT WARNING * * *
You closely miss something. Something hits you!
* * * LOW HITPOINT WARNING * * *
You closely miss something. Something hits you.
* * * LOW HITPOINT WARNING * * *
Something hits you.
* * * LOW HITPOINT WARNING * * *
You closely miss something. Something hits you.
You die...

.#.#.##.###....
.._..#...##...#
#............!#
##.......#.#..#
.?..#.#.###.#.#
#####.#.# #.#.# #.#.#
#.#.# # # #.#.#
#.#.## .#
#.#####.#@###.#..##.#
.......)#...........#
.......)..........#
######.)......##..#
##......###..#
######.# #..# #.#
#..# #.# #..#
#.###..##


There were no monsters in sight!

Vanquished Creatures
  A kobold demonologist (D:7)
  Sigmund (D:4)
  2 water moccasins (D:7)
  2 sky beasts (D:7)
  A kobold brigand (D:7)
  2 bullfrogs (D:7)
  Blork the orc (D:4)
  A hound (D:3)
  Jessica (D:3)
  Ijyb (D:4)
  Robin (D:4)
  7 adders
  A dart slug (D:3)
  6 orcs
  6 endoplasms
  A giant cockroach (D:4)
  12 goblins
  11 hobgoblins
  6 jackals
  9 kobolds
  2 quokkas (D:2)
  7 ball pythons
  2 bats
  2 frilled lizards
  6 rats
92 creatures vanquished.

Notes
Turn   | Place    | Note
-------+----------+-------------------------------------------
     0 | D:1      | sammy202020 the Demonspawn Berserker began the quest for
                  | the Orb.
     0 | D:1      | Reached XP level 1. HP: 18/18 MP: 1/1
   213 | D:1      | Gained mutation: Your demonic aura sometimes causes spilled
                  | blood to erupt in flames. [demonic ancestry]
   213 | D:1      | Reached XP level 2. HP: 24/24 MP: 2/2
   938 | D:2      | Reached XP level 3. HP: 29/29 MP: 3/3
  1505 | D:2      | Found a faded altar of an unknown god.
  1534 | D:2      | Reached ** piety under Trog
  1695 | D:2      | Reached XP level 4. HP: 36/37 MP: 4/4
  2235 | D:3      | Reached skill level 4 in Fighting
  2757 | D:3      | Gained mutation: Your demonic aura often causes spilled
                  | blood to erupt in flames. [demonic ancestry]
  2757 | D:3      | Reached XP level 5. HP: 21/42 MP: 5/5
  3051 | D:3      | Noticed Jessica
  3063 | D:3      | Found a shimmering blue altar of Sif Muna.
  3068 | D:3      | Killed Jessica
  3497 | D:4      | Noticed Sigmund
  3507 | D:4      | Killed Sigmund
  3508 | D:4      | Reached skill level 5 in Fighting
  3508 | D:4      | Reached XP level 6. HP: 51/51 MP: 6/6
  3679 | D:4      | Noticed Ijyb
  3684 | D:4      | Killed Ijyb
  3895 | D:4      | Found a bloodstained altar of Trog.
  3896 | D:4      | Found a shadowy altar of Dithmenos.
  4067 | D:4      | Noticed Blork the orc
  4077 | D:4      | Killed Blork the orc
  4328 | D:4      | Noticed Robin
  4340 | D:4      | Reached skill level 5 in Axes
  4344 | D:4      | Killed Robin
  4347 | D:4      | You fall into a shaft and drop 3 floors!
  4347 | D:7      | Noticed a sky beast
  4367 | D:7      | Killed a sky beast
  4368 | D:7      | Gained mutation: You are partially covered in slimy green
                  | scales. (AC +2) [demonic ancestry]
  4368 | D:7      | Reached XP level 7. HP: 7/56 MP: 7/7
  4405 | D:7      | Reached skill level 6 in Fighting
  4900 | D:7      | Found a shimmering blue altar of Sif Muna.
  4900 | D:7      | Noticed a kobold demonologist
  4901 | D:7      | Noticed an ice devil
  4904 | D:7      | Killed a kobold demonologist
  4905 | D:7      | Reached XP level 8. HP: 65/65 MP: 8/8
  5092 | D:7      | Reached skill level 7 in Fighting
  5093 | D:7      | Reached *** piety under Trog
  5131 | D:7      | Found a snail-covered altar of Cheibriados.
  5183 | D:7      | HP: 3/67 [something (6)]
  5184 | D:7      | Slain by an unseen horror

Illustrated notes

Levels and vault maps discovered:
D:1:      kennysheep_arrival_forest, layout_basic
D:2:      layout_basic, basic_ecumenical_altar, lightli_corner_chamber
D:3:      layout_basic, tgw_sif
D:4:      layout_gridville, minitemple, uniq_blork_the_orc, uniq_robin,
          uniq_ijyb, uniq_sigmund
D:7:      layout_loops_ring, minmay_temple_entry_nine_rooms,
          hangedman_feature_mirror

Skill      XL: |  1  2  3  4  5  6  7  8 |
---------------+-------------------------+-----
Axes           | 3 4 5 6 |  6.5
Armour         | 2 3 4 |  4.4
Fighting       | 4 5 6 7 |  7.1
Dodging        | |  1.7

Action                   |  1- 3 |  4- 6 |  7- 9 || total
-------------------------+-------+-------+-------++-------
Melee: War axe           |    70 |   136 |    46 ||   252
       Hand axe          |     8 |       |       ||     8
       Punch             |     2 |     2 |       ||     4
Throw: Boomerang         |       |     1 |       ||     1
Invok: Berserk           |       |     2 |     1 ||     3
       Trog's Hand       |       |       |     2 ||     2
 Stab: Sleeping          |     2 |       |       ||     2
Armor: Animal skin       |    21 |     5 |       ||    26
       Leather armour    |       |    42 |    44 ||    86
       Ring mail         |       |     2 |       ||     2
Dodge: Dodged            |    56 |   104 |    23 ||   183

Table legend: (Time is in decaauts)
 A = Elapsed time spent in this place.
 B = Non-inter-level travel time spent in this place.
 C = Inter-level travel time spent in this place.
 D = Time resting spent in this place.
 E = Time spent auto-exploring this place.
 F = Levels seen in this place.
 G = Mean time per level.
                   A        B        C        D        E       F      G
               +--------+--------+--------+--------+--------+-----+--------+
         Total |   5288 |   5156 |    132 |    425 |   3912 |   5 | 1057.6 |
       Dungeon |   5288 |   5156 |    132 |    425 |   3912 |   5 | 1057.6 |
               +--------+--------+--------+--------+--------+-----+--------+

Top non-repeatable levels by time:
     D:3: 1363 daAuts
     D:4: 1132 daAuts
     D:2: 1038 daAuts
     D:1: 888 daAuts
     D:7: 866 daAuts
